 Dungeon Crawl Stone Soup version 0.19.4-8-ga85b6b9 (webtiles) character file.

406 doot the Thaumaturge (level 6, -1/33 HPs)
             Began as a Deep Elf Wizard on Feb 14, 2017.
             Slain by Menkaure (23 damage)
             ... on level 4 of the Dungeon.
             The game lasted 00:20:16 (5691 turns).

doot the Thaumaturge (Deep Elf Wizard)              Turns: 5691, Time: 00:20:17

Health: -1/33      AC:  9    Str:  4    XL:     6   Next: 56%
Magic:  17/19      EV: 13    Int: 25    God:
Gold:   164        SH:  0    Dex: 16    Spells: 5 memorised, 11 levels left

rFire  . . .     SeeInvis .     y - +1 long sword (holy)
rCold  . . .     Gourm    .     a - +0 robe
rNeg   . . .     Faith    .     (no shield)
rPois  .         Spirit   .     b - +0 hat
rElec  .         Reflect  .     j - +0 cloak
rCorr  .         Harm     .     (no gloves)
MR     .....                    x - +0 pair of boots
Stlth  ++........               (no amulet)
                                q - +5 ring of protection
                                w - +3 ring of dexterity

@: no status effects
A: no striking features
a: no special abilities


You were on level 4 of the Dungeon.
You were not hungry.

You visited 1 branch of the dungeon, and saw 4 of its levels.
You also visited: Sewer.

You collected 164 gold pieces.

Inventory:

Hand Weapons
 h - a +1 short sword
 k - a +1 dagger of speed
 y - a +1 long sword of holy wrath (weapon)
Armour
 a - a +0 robe (worn)
 b - a +0 hat (worn)
 j - a +0 cloak (worn)
 x - a +0 pair of boots (worn)
Jewellery
 n - an uncursed ring of teleportation
 q - a +5 ring of protection (right hand)
 w - a +3 ring of dexterity (left hand)
Scrolls
 e - 5 scrolls of teleportation
 g - a scroll of immolation {unknown}
 i - 3 scrolls of remove curse
 l - 2 scrolls of fear
 o - 4 scrolls of identify
 p - a scroll of magic mapping {unknown}
 t - 2 scrolls of enchant weapon
Potions
 f - a potion of curing
 m - 3 potions of magic {unknown}
 s - 2 potions of agility {unknown}
 u - 2 potions of degeneration {unknown}
Books
 c - a book of Minor Magic

   Spells                             Type                      Level
   a - Magic Dart                     Conjuration                  1
   b - Blink                          Translocation                2
   c - Call Imp                       Summoning                    2
   d - Repel Missiles                 Charms/Air                   2
   e - Slow                           Hexes                        2
   f - Conjure Flame                  Conjuration/Fire             3
   g - Mephitic Cloud                 Conjuration/Poison/Air       3
Comestibles
 d - 3 bread rations
 r - 3 fruits
 v - a beef jerky


   Skills:
 + Level 0.5 Fighting
 + Level 1.2 Short Blades
 + Level 2.8 Dodging
 + Level 3.2 Stealth
 * Level 8.5 Spellcasting
 + Level 2.7 Conjurations
 + Level 1.4 Summonings
 + Level 1.1 Translocations


You had 11 spell levels left.
You knew the following spells:

 Your Spells              Type           Power        Failure   Level  Hunger
a - Magic Dart            Conj           ###.         1%          1    None
b - Blink                 Tloc           N/A          8%          2    None
c - Call Imp              Summ           ###.....     6%          2    None
d - Mephitic Cloud        Conj/Pois/Air  ###.....     12%         3    None
e - Conjure Flame         Conj/Fire      ###.....     12%         3    None


Dungeon Overview and Level Annotations

Branches:
Dungeon (4/15)
 Temple: D:4-7

Altars:
Ru

Annotations:
D:4 Menkaure


Message History

You barely miss Menkaure.
Menkaure is moderately damaged.
Menkaure hits you.
You barely miss Menkaure.
Menkaure is moderately damaged.
Menkaure hits you. Menkaure hits you!
You hit Menkaure.
Menkaure convulses.
Menkaure is moderately damaged.
Menkaure closely misses you. Menkaure hits you!
* * * LOW HITPOINT WARNING * * *
You feel better. Menkaure hits you.
Casting: Magic Dart
Confirm with . or Enter, or press ? or * to list all spells.
You blink.
Menkaure hits you but does no damage.
Casting: Blink
Confirm with . or Enter, or press ? or * to list all spells.
Okay, then.
You feel better. Menkaure hits you!!
Ouch! That really hurt!
You die...

......# #.....#.#...##.# #.####.#
......# #.....#.#...##.###.####.#
###.#.# #.....#.#........#.......
#.#.###.....#.#...###########.#
#...........#.#................
#...###....##.###############..
#...........ยง.....# ###
###..##########M###.#
................@...#
###..##########.#################
#..#...........................
###..##.#.......#################
................#
###.......#####.# #.###.#.# #.#
#.# #.#.#####.# ###.###.#.......#


You could see Menkaure.

Vanquished Creatures
  An ogre (D:4)
  An orc priest (D:4)
  A hound (D:4)
  2 orc wizards (D:4)
  8 adders
  An adder skeleton (D:4)
  2 worms
  3 dart slugs
  8 leopard geckos
  7 orcs
  3 bats
  4 giant cockroaches
  11 goblins
  6 hobgoblins
  14 jackals
  14 kobolds
  3 quokkas
  4 ball pythons
  8 frilled lizards
  8 rats
  A plant (Sewer)
110 creatures vanquished.

Vanquished Creatures (collateral kills)
  An adder (Sewer)
  A leopard gecko (D:3)
  An orc (D:4)
  2 giant cockroaches (D:3)
  A hobgoblin (D:3)
  A jackal (Sewer)
  A ball python (D:3)
  A kobold (Sewer)
9 creatures vanquished.

Vanquished Creatures (others)
  A plant (Sewer)
1 creature vanquished.

Grand Total: 120 creatures vanquished

Notes
Turn   | Place    | Note
-------+----------+-------------------------------------------
     0 | D:1      | doot the Deep Elf Wizard began the quest for the Orb.
     0 | D:1      | Reached XP level 1. HP: 10/10 MP: 7/7
   180 | D:1      | Reached skill level 5 in Spellcasting
   282 | D:1      | Reached XP level 2. HP: 15/15 MP: 7/10
   416 | D:1      | Learned a level 2 spell: Blink
   419 | D:1      | Learned a level 2 spell: Call Imp
   749 | D:1      | Reached XP level 3. HP: 19/19 MP: 8/12
   754 | D:1      | Learned a level 3 spell: Mephitic Cloud
   792 | D:1      | Learned a level 3 spell: Conjure Flame
  1146 | D:2      | Reached skill level 6 in Spellcasting
  1681 | D:2      | Reached XP level 4. HP: 24/24 MP: 8/14
  2574 | D:3      | Found a glowing drain.
  2587 | D:3      | Reached skill level 7 in Spellcasting
  2609 | Sewer    | Entered a sewer
  2803 | Sewer    | Reached XP level 5. HP: 28/28 MP: 16/16
  3584 | D:3      | Found a sacrificial altar of Ru.
  4408 | D:4      | Reached skill level 1 in Short Blades
  4697 | D:4      | Noticed Menkaure
  4911 | D:4      | Reached skill level 8 in Spellcasting
  4911 | D:4      | Reached XP level 6. HP: 19/33 MP: 14/19
  5691 | D:4      | Slain by Menkaure

Skill      XL: |  1  2  3  4  5  6 |
---------------+-------------------+-----
Spellcasting   | 5 6 7 8 |  8.5
Conjurations   | 2 |  2.7
Short Blades   | 1 |  1.2
Stealth        | 3 |  3.2
Fighting       | |  0.5
Dodging        | |  2.8
Summonings     | |  1.4
Translocations | |  1.1

Action                   |  1- 3 |  4- 6 || total
-------------------------+-------+-------++-------
Melee: Short sword       |     2 |   153 ||   155
       Dagger            |       |    32 ||    32
       Long sword        |       |    10 ||    10
 Cast: Magic Dart        |   108 |   143 ||   251
       Call Imp          |     1 |     7 ||     8
       Mephitic Cloud    |       |     6 ||     6
       Blink             |       |     3 ||     3
  Use: Scroll            |       |     7 ||     7
       Potion            |       |     4 ||     4
 Stab: Sleeping          |       |     4 ||     4
       Confused          |       |     1 ||     1
  Eat: Chunk             |     1 |    13 ||    14
       Fruit             |       |     1 ||     1
Armor: Robe              |     4 |    32 ||    36
Dodge: Dodged            |    11 |    65 ||    76
       Rpst.: Long sword |       |     1 ||     1
